 Dungeon Crawl Stone Soup version 0.27-a0-1187-ge80a49f48c (webtiles) character file.

Game seed: 10283898554229924616

0 Ijustatesigmund the Skirmisher (level 1, -1/19 HPs)
             Began as a Hill Orc Fighter on May 20, 2021.
             Slain by a quokka (2 damage)
             ... on level 1 of the Dungeon.
             The game lasted 00:00:12 (100 turns).

Ijustatesigmund the Skirmisher (Hill Orc Fighter)    Turns: 100, Time: 00:00:13

Health: -1/19      AC:  6    Str: 18    XL:     1   Next: 10%
Magic:  1/1        EV:  7    Int:  8    God:
Gold:   0          SH:  9    Dex: 10    Spells: 0/0 levels left

rFire    . . .     SeeInvis .   a - +0 war axe
rCold    . . .     Faith    .   c - +0 kite shield
rNeg     . . .     Spirit   .   b - +0 scale mail
rPois    .         Reflect  .   (no helmet)
rElec    .         Harm     .   (no cloak)
rCorr    .         Rampage  .   (no gloves)
Will     .....                  (no boots)
Stlth    ..........             (no amulet)
HPRegen  0.06/turn              (no ring)
MPRegen  0.07/turn              (no ring)

@: no status effects
A: no striking features
a: no special abilities


You were on level 1 of the Dungeon.
You visited 1 branch of the dungeon, and saw 1 of its levels.

Inventory:

Hand Weapons
 a - a +0 war axe (weapon)
Armour
 b - a +0 scale mail (worn)
 c - a +0 kite shield (worn)
Potions
 d - a potion of might


   Skills:
 + Level 3.6 Fighting
 * Level 2.7 Axes
 - Level 3.2 Armour
 - Level 3.2 Shields


You couldn't memorise any spells.
You didn't know any spells.
Your spell library was empty.

Dungeon Overview and Level Annotations

Branches:
Dungeon (1/15)

Altars:


Message History

You are too injured to fight recklessly!
You are too injured to fight recklessly!
You completely miss the quokka.
The quokka is heavily wounded.
You block the quokka's attack.
You completely miss the quokka.
The quokka is heavily wounded.
The quokka barely misses you. x2
You miss the quokka.
The quokka is moderately wounded.
The quokka bites you. x2
* * * LOW HITPOINT WARNING * * *
You hit the quokka.
The quokka is severely wounded.
You block the quokka's attack. x2
You barely miss the quokka.
The quokka is severely wounded.
The quokka bites you but does no damage.
You block the quokka's attack.
You closely miss the quokka.
The quokka is severely wounded.
The quokka barely misses you. You block the quokka's attack.
You miss the quokka.
The quokka is severely wounded.
You block the quokka's attack. The quokka barely misses you.
You closely miss the quokka.
The quokka is severely wounded.
The quokka closely misses you. The quokka barely misses you.
Your shield prevents you from hitting the quokka.
The quokka is severely wounded.
The quokka closely misses you. You block the quokka's attack.
You closely miss the quokka.
The quokka is severely wounded.
You block the quokka's attack. The quokka barely misses you.
You hit the quokka but do no damage.
The quokka is severely wounded.
The quokka bites you.
* * * LOW HITPOINT WARNING * * *
The quokka bites you.
You die...

#. ... #.########
#(#....... # #.#.......
#####.#.#.......
......#.#.......
........@r...... #.
######.#....... #
#.#.#########.#######.
#.#.#.#................
#.#.#.#.#######.######.
#........#...........#
...........####....#...
...........# #....#
...........# #....#


You could see a quokka.

Vanquished Creatures
  A bat (D:1)
1 creature vanquished.

Notes
Turn   | Place    | Note
-------+----------+-------------------------------------------
     0 | D:1      | Ijustatesigmund the Hill Orc Fighter began the quest for
                  | the Orb.
     0 | D:1      | Reached XP level 1. HP: 19/19 MP: 1/1
   100 | D:1      | Slain by a quokka

Illustrated notes

Levels and vault maps discovered:
D:1:      dpeg_arrival_short_road, layout_basic, basic_ecumenical_altar

Action                   || total
-------------------------++-------
Melee: War axe           ||    24
Armor: Scale mail        ||     9
Dodge: Dodged            ||    11
Block: Kite shield       ||    18

Table legend: (Time is in decaauts)
 A = Elapsed time spent in this place.
 B = Non-inter-level travel time spent in this place.
 C = Inter-level travel time spent in this place.
 D = Time resting spent in this place.
 E = Time spent auto-exploring this place.
 F = Levels seen in this place.
 G = Mean time per level.
                   A        B        C        D        E       F      G
               +--------+--------+--------+--------+--------+-----+--------+
         Total |    113 |    113 |      0 |      0 |     71 |   1 |  113.0 |
       Dungeon |    113 |    113 |      0 |      0 |     71 |   1 |  113.0 |
               +--------+--------+--------+--------+--------+-----+--------+

Top non-repeatable levels by time:
     D:1: 113 daAuts
